AoeStats
← Allen

QS Arena

503110785Analyzed
3v3 RM · 1mo ago on Aug 30, 2026· 9m 41s· 6 players
Game mode
Random Map
Map size
Normal (6 player)
Population
200
Speed
Normal
Resources
Low
Victory
Standard
Starting age
Dark Age
Ending age
Imperial Age
RankedLock teamsTeams togetherTeam positionsShared explorationLock speedFull tech treeHidden civsTurbo modeCheats
Victory
Defeat
🇬🇧 Franks · United Kingdom
946
+10
🇪🇬 Poles · Egypt
906
+11
🇬🇧 Bohemians · United Kingdom
886
+12
🇯🇵 Slavs · Japan
879
-14
🇹🇼 Byzantines · Taiwan
772
-10
🇫🇷 Burgundians · France
749
-9
guitarluis2003
0:29 Loom
9:38 Feudal Age
Peter1911
9:03 Feudal Age
9:37 Double-Bit Axe
9:43 Horse Collar
MugDog
0:55 Loom
11:34 Feudal Age
L_messi67
9:03 Horse Collar
9:15 Double-Bit Axe
Allen
1:04 Loom
10:53 Feudal Age
VICKI
Connection lost

Rejoining the realm…

Still unreachable

The connection could not be restored.

Session expired

The server has moved on; the page needs a fresh start.